 Dungeon Crawl Stone Soup version 0.29-a0-330-g52719c12eb (webtiles) character file.

Game seed: 15554097856662550612

177069 Anon1729 the Black Crusader (level 17, 0/155 (156) HPs)
             Began as a Minotaur Monk on Apr 29, 2022.
             Was an Initiate of Yredelemnul.
             Slain by a +2 vorpal glaive (2 damage)
             ... animated by Zenata
             ... on level 2 of the Elven Halls.
             The game lasted 02:12:53 (46888 turns).

Anon1729 the Black Crusader (Minotaur Monk)        Turns: 46888, Time: 02:12:54

HP:   0/155 (156)   AC: 24    Str: 30    XL:     17   Next: 53%
MP:   28/28         EV: 20    Int:  3    God:    Yredelemnul [......]
Gold: 309           SH: 13    Dex: 21    Spells: 14/16 levels left

rFire   + + +      SeeInvis +   Q - +9 trident "Goblinslayer" {elec, *Corrode rF+ rC+}
rCold   + . .      Faith    +   X - +0 kite shield of Zin's Supremacy {rF- Str+8 Int-4 Dex+8}
rNeg    . . .      Spirit   .   y - +0 fire dragon scales
rPois   +          Reflect  .   (helmet restricted)
rElec   +          Harm     .   v - scarf {rC+ rF+}
rCorr   .          Rampage  .   f - +0 pair of gloves
Will    +....                   F - +0 pair of boots
Stlth   +++++.....              L - amulet of faith
HPRegen 0.35/turn               D - ring of the Tortoise {AC+8}
MPRegen 0.21/turn               K - ring of Eternity {rElec EV+4 Stlth+}

@: about to teleport, lightly drained
A: horns 2, retaliatory headbutt, see invisible, clumsy 1, poison resistance
a: Renounce Religion, Recall Undead Harvest


You were on level 2 of the Elven Halls.
You worshipped Yredelemnul.
Yredelemnul was most pleased with you.
You visited 5 branches of the dungeon, and saw 27 of its levels.
You visited the Abyss 2 times.
You visited 1 bazaar.
You also visited: Sewer, Gauntlet and Volcano.

You collected 2350 gold pieces.
You spent 2041 gold pieces at shops.

Inventory:

Hand Weapons
 c - a +1 dagger of electrocution
 q - the +11 trident "Cakliz" {holy, rPois Int+3}
   (You took it off a deep elf high priest on level 3 of the Elven Halls)

   It has been blessed by the Shining One to cause great damage to the undead
   and demons.
   Int:       It affects your intelligence (+3).
   rPois:     It protects you from poison.
   Yredelemnul disapproves of the use of such an item.
 E - the +10 whip of Okawaru's Benevolence {drain, rElec Int+6 SInv Stlth-}
   (You took it off an orc on level 6 of the Dungeon)

   A truly terrible weapon, it drains the life of any living foe it strikes.
   Int:       It affects your intelligence (+6).
   rElec:     It insulates you from electricity.
   SInv:      It lets you see invisible.
   Stlth:     It makes you less stealthy.
 Q - the +9 trident "Goblinslayer" (weapon) {elec, *Corrode rF+ rC+}
   (You took it off a minotaur in a Gauntlet)

   It occasionally discharges a powerful burst of electricity upon striking a
   foe.
   rF:        It protects you from fire.
   rC:        It protects you from cold.
   *Corrode:  It may corrode you when you take damage.
Missiles
 w - 9 throwing nets
 R - 2 silver javelins
Armour
 f - a +0 pair of gloves (worn)
 g - a +2 cloak
 v - a scarf of resistance (worn)
 y - +0 fire dragon scales (worn)
 F - a +0 pair of boots (worn)
 J - an orb of mayhem
 X - the +0 kite shield of Zin's Supremacy (worn) {rF- Str+8 Int-4 Dex+8}
   (You took it off a minotaur in a Gauntlet)

   Str:       It affects your strength (+8).
   Int:       It affects your intelligence (-4).
   Dex:       It affects your dexterity (+8).
   rF:        It makes you vulnerable to fire.
Jewellery
 j - a ring of positive energy
 l - a ring of protection from cold
 t - a ring of resist corrosion
 D - the ring of the Tortoise (left hand) {AC+8}
   (You found it in a Gauntlet)

   [ring of protection]

   AC:        It affects your AC (+8).
 I - a ring of protection from cold
 K - the ring of Eternity (right hand) {rElec EV+4 Stlth+}
   (You bought it in a shop in a bazaar)

   [ring of evasion]

   EV:        It affects your evasion (+4).
   rElec:     It insulates you from electricity.
   Stlth:     It makes you more stealthy.
 L - an amulet of faith (around neck)
 Y - a ring of flight
Wands
 h - a wand of acid (5)
 z - a wand of paralysis (3)
 C - a wand of digging (8)
 G - a wand of flame (28) (quivered)
 S - a wand of polymorph (28)
Scrolls
 a - 6 scrolls of vulnerability
 b - 2 scrolls of magic mapping
 e - 8 scrolls of identify
 i - 5 scrolls of immolation
 k - 6 scrolls of enchant weapon
 m - 8 scrolls of teleportation
 n - 3 scrolls of brand weapon
 o - 6 scrolls of fog
 s - 3 scrolls of silence
 u - 8 scrolls of fear
 A - 4 scrolls of enchant armour
Potions
 d - a potion of lignification
 r - 3 potions of flight
 x - 21 potions of curing
 B - 4 potions of berserk rage
 H - 2 potions of haste
 M - 6 potions of might
 N - 6 potions of mutation
 P - a potion of invisibility
 V - 3 potions of heal wounds
 W - 2 potions of resistance
Miscellaneous
 p - a condenser vane
 O - a lightning rod (4/4)
 T - a piece from Xom's chessboard (15/15)
 U - a tin of tremorstones (inert)
 Z - a phantom mirror


   Skills:
 + Level 15.5 Fighting
 + Level 15.4 Polearms
 + Level 15.0 Armour
 + Level 9.8 Dodging
 + Level 11.9 Stealth
 - Level 10.0 Shields
 * Level 17.4 Invocations


You had 14 spell levels left.
You knew the following spells:

 Your Spells              Type           Power      Damage    Failure   Level
a - Blink                 Tloc           0%         N/A       98%         2

Your spell library contained the following spells:

 Spells                   Type           Power      Damage    Failure   Level
 Foxfire                  Conj/Fire      0%         2x1d4     95%         1
 Magic Dart               Conj           0%         1d3       95%         1
 Sandblast                Erth           0%         2d4       95%         1
 Shock                    Conj/Air       0%         1d3       95%         1
 Slow                     Hex            0%         N/A       95%         1
 Call Imp                 Summ           0%         N/A       98%         2
 Ensorcelled Hibernation  Hex/Ice        0%         N/A       98%         2
 Passwall                 Tmut/Erth      0%         N/A       98%         2
 Static Discharge         Conj/Air       0%         N/A       98%         2
 Sublimation of Blood     Necr           0%         N/A       98%         2
 Confusing Touch          Hex            0%         N/A       100%        3
 Conjure Flame            Conj/Fire      0%         6-21      100%        3
 Inner Flame              Hex/Fire       0%         N/A       100%        3
 Mephitic Cloud           Conj/Pois/Air  0%         N/A       100%        3
 Stone Arrow              Conj/Erth      0%         3d7       100%        3
 Swiftness                Air            0%         N/A       100%        3
 Vampiric Draining        Necr           0%         2d6       100%        3
 Airstrike                Air            0%         N/A       100%        4
 Animate Armour           Summ/Erth      0%         N/A       100%        4
 Cause Fear               Hex            0%         N/A       100%        4
 Dispel Undead            Necr           0%         3d6       100%        4
 Flame Wave               Conj/Fire      0%         2d4       100%        4
 Fulminant Prism          Conj/Hex       0%         3d6       100%        4
 Iskenderun's Mystic Bla  Conj/Tloc      0%         2d3       100%        4
 Petrify                  Tmut/Erth      0%         N/A       100%        4
 Sticky Flame             Conj/Fire      0%         2d3       100%        4
 Fireball                 Conj/Fire      0%         3d3       100%        5
 Irradiate                Conj/Tmut      0%         3d13      100%        5
 Lee's Rapid Deconstruct  Erth           0%         3d5*      100%        5
 Lightning Bolt           Conj/Air       0%         1d11      100%        5
 Manifold Assault         Tloc           0%         N/A       100%        5
 Summon Forest            Summ/Tloc      0%         N/A       100%        5
 Summon Mana Viper        Hex/Summ       0%         N/A       100%        5
 Conjure Ball Lightning   Conj/Air       0%         3x3d6     100%        6
 Dispersal                Tloc           0%         N/A       100%        6
 Iron Shot                Conj/Erth      0%         9d1       100%        6
 Starburst                Conj/Fire      0%         6d3       100%        6
 Statue Form              Tmut/Erth      0%         N/A       100%        6
 Summon Cactus Giant      Summ           0%         N/A       100%        6
 Storm Form               Tmut/Air       0%         N/A       100%        7
 Discord                  Hex            0%         N/A       100%        8
 Disjunction              Tloc           0%         N/A       100%        8
 Ignition                 Fire           0%         3d3       100%        8
 Maxwell's Capacitive Co  Air            0%         ∞         100%        8
 Summon Horrible Things   Summ           0%         N/A       100%        8


Dungeon Overview and Level Annotations

Branches:
Dungeon (15/15)            Temple (0/1) D:4            Lair (6/6) D:8
 Shoals (0/4) Lair:4        Snake (0/4) Lair:3        Slime (0/5) Lair:6
    Orc (2/2) D:9             Elf (3/3) Orc:2        Vaults (0/5) D:14
 Depths (1/4) D:15          Sewer (visited)         Volcano (visited)
Gauntlet (visited)

Altars:
Ashenzari
Dithmenos
Elyvilon
Fedhas
Kikubaaqudgha
Okawaru
Qazlal
Ru
Xom
Yredelemnul
Zin
The Shining One
Jiyva

Shops:
D:4 (   D:5 :   D:10 !   D:15 ?   Orc:1 *   Orc:2 [*?[   Elf:3 !

Annotations:
D:5 3 runed translucent doors, night's ghost, amateur DsWn
D:7 2 transporters, Zgarb's ghost, novice TeHu
D:10 2 transporters
D:15 exclusion: downstairs
Elf:2 Zenata
Elf:3 2 transporters, exclusions: 2 deep elf master archers and 1 more exclusion, anonymous's ghost, adept DEIE
Depths:1 the Enchantress


Innate Abilities, Weirdness & Mutations

You have a pair of horns on your head.
You reflexively headbutt those who attack you in melee.
You have supernaturally acute eyesight. (SInv)
You are clumsy. (Dex -2)
Your system is resistant to poisons. (rPois)


Message History

Zenata gestures, and weapons take to the air!
There is a stone staircase leading up, spattered with blood here.
You puncture the +0 vorpal scimitar!
You headbutt the +0 vorpal scimitar, but do no damage.
The +0 vorpal scimitar is severely damaged.
The +0 vorpal scimitar hits you.
You impale the +0 vorpal scimitar!!
You destroy the +0 vorpal scimitar!
The +0 vorpal scimitar disappears in a puff of smoke!
A stray blade cuts Zenata's own flesh.
She ignores it.
Unknown command.
Zenata attacks as you move away!
Zenata hits you with a +2 triple sword of electrocution!!
Zenata attacks as you move away! You block Zenata's attack.
Zenata scoffs, "How can you challenge a perfect, immortal machine?"
Zenata casts a spell at you.
A blast of power from the earth strikes you!
Zenata points at you and mumbles some strange words.
A blast of power from the earth and the +2 vorpal battleaxe strikes you!
The +2 vorpal battleaxe hits you! Zenata gestures at you while chanting.
A blast of power from the earth and the +2 vorpal battleaxe strikes you!
The +2 vorpal glaive hits you from afar!
Things that are here:
a +0 leather armour; a +0 dagger; a +0 shortbow
As you read the scroll of teleportation, it crumbles to dust.
You feel strangely unstable.
You block the +2 vorpal battleaxe's attack.
You block the +2 vorpal glaive's attack.
You block the +2 vorpal battleaxe's attack.
The +2 vorpal glaive hits you from afar!
* * * LOW HITPOINT WARNING * * *
x2 You block the +2 vorpal battleaxe's attack.
The +2 vorpal glaive completely misses you.
The +2 vorpal battleaxe hits you!!
* * * LOW HITPOINT WARNING * * *
x2 The +2 vorpal glaive hits you from afar.
* * * LOW HITPOINT WARNING * * *
You die...
Your body rises from the dead as a mindless zombie.

.).......###...##...Z....Z....###
............../.......##...####..
...}.................###...# #.#
#..................### #...# #.#
###...####.#....############ #.#
# #...# #.#.).)...........# #.#
###...####.#....####.......# #.#
...........)....####.......# #..
>)..............@......?...# ###
.................(##[......#
..#...###.........(a.).....#
###...###.........##.......# ##
#...##..............####### #.
#..............[...)<##>..## #.
#...##..............[[.....###Z
#...###.....................##.
#...........................##.


You could see Zenata and 2 dancing weapons.

Vanquished Creatures
  A bone dragon (Abyss:3)
  A lich (Abyss:2)
  3 tentacled starspawn
  Frances (D:13)
  Gastronok (Orc:1)
  Roxanne (Elf:1)
  An orc warlord (Orc:2)
  6 deep elf sorcerers
  2 deep elf elementalists
  A stone giant (Depths:1)
  3 deep elf annihilators (Elf:3)
  3 deep elf demonologists
  3 dire elephants (Lair:6)
  A red draconian (Volcano)
  A minotaur (Gauntlet)
  4 deep elf death magi (Elf:3)
  An ettin (Orc:2)
  A great orb of eyes (Abyss:2)
  2 deep elf high priests (Elf:3)
  Fannar (Lair:1)
  4 hydras
  A spriggan air mage (Depths:1)
  4 boulder beetles
  A vault guard (D:14)
  A ghost crab (Gauntlet)
  3 two-headed ogres
  4 centaur warriors
  26 dancing weapons
  A tengu warrior (D:15)
  A catoblepas (D:14)
  5 death yaks
  16 deep elf knights
  5 orc high priests (Orc:2)
  A spatial maelstrom (Abyss:3)
  A salamander mystic (Volcano)
  Nergalle (D:12)
  3 spectral death yaks (Lair:6)
  A shadow wraith (Abyss:2)
  A wretched star (Abyss:3)
  A spectral anaconda (Lair:6)
  A glowing orange brain (Abyss:3)
  An obsidian statue (Lair:6)
  A deep troll (D:15)
  7 deep elf archers
  2 wizards
  5 necromancers
  8 orc knights
  31 deep elf pyromancers
  6 orc sorcerers
  27 deep elf zephyrmancers
  4 manticores
  10 cyclopes
  3 ugly things (D:14)
  3 worldbinders
  4 salamanders (Volcano)
  Joseph (D:9)
  An oklob plant (Gauntlet)
  8 elephants
  2 smoke demons (Abyss:3)
  6 cane toads
  2 orange demons
  6 black mambas
  A gargoyle (D:12)
  An unseen horror (D:12)
  A yaktaur (D:15)
  An efreet (D:14)
  A demonic crawler (Abyss:2)
  3 komodo dragons
  A freezing wraith (Abyss:2)
  2 ancient zymes
  3 meliai (D:14)
  2 polar bears
  A tarantella (shapeshifter) (D:15)
  A hornet (D:8)
  3 trolls
  A spectral elephant (Lair:6)
  6 blink frogs
  5 slime creatures
  5 raiju
  A meliai zombie (D:14)
  A culicivora (shapeshifter) (Abyss:2)
  4 air elementals
  A spriggan (shapeshifter) (D:15)
  4 flying skulls
  A ynoxinul (Abyss:3)
  50 yaks
  A vampire (D:11)
  A water elemental (Elf:2)
  5 wyverns
  4 wraiths
  A dire elephant simulacrum (Lair:6)
  3 fire bats (Abyss:3)
  7 basilisks
  9 small abominations
  A fire elemental (Elf:1)
  18 humans (D:14)
  A neqoxec (Abyss:3)
  A chaos spawn (Abyss:2)
  A steam dragon (Lair:4)
  A spatial vortex (Abyss:3)
  3 wargs
  2 spectral cane toads (Lair:6)
  A naga (Lair:3)
  4 large abominations (Abyss:2)
  Menkaure (D:6)
  18 water moccasins
  2 acid dragons (Gauntlet)
  A sky beast (D:5)
  2 elephant zombies (Lair:6)
  An ice beast (D:7)
  23 orc warriors
  A black bear (D:7)
  3 elephant skeletons (Lair:6)
  19 wolves
  2 elf zombies (Elf:3)
  8 boggarts
  7 centaurs
  A boggart (shapeshifter) (D:14)
  4 ogres
  A phantom (D:5)
  5 kobold brigands
  9 bullfrogs
  2 necrophages
  5 gnoll sergeants
  2 scorpions
  An earth elemental (Elf:3)
  12 wights
  10 killer bees
  3 howler monkeys (D:10)
  2 crimson imps
  5 hounds
  A human zombie (D:14)
  2 jellies
  23 orc priests
  Natasha (D:4)
  A gnoll shaman (D:10)
  10 orc wizards
  A hell rat (Lair:2)
  Robin (D:2)
  21 gnolls
  10 adders
  8 river rats
  4 white imps
  3 ufetubi
  3 worms
  2 dart slugs
  49 orcs
  4 endoplasms
  4 giant cockroaches
  6 hobgoblins
  5 jackals
  25 kobolds
  7 ball pythons
  6 bats
  4 frilled lizards
  19 goblins
  4 rats
  A spectral goblin (D:2)
  2 starspawn tentacles (Abyss:2)
799 creatures vanquished.

Vanquished Creatures (collateral kills)
  A tentacled starspawn (Abyss:2)
  2 deep elf sorcerers
  Snorg (Lair:4)
  Josephine (D:13)
  2 boulder beetles
  A catoblepas (Lair:6)
  A hydra (Lair:6)
  A dancing weapon (Elf:2)
  2 death yaks (Lair:5)
  2 deep elf knights
  A wretched star (Abyss:2)
  A wizard (D:14)
  4 deep elf pyromancers
  A deep elf zephyrmancer (Elf:1)
  An ugly thing (D:14)
  A cyclops (D:12)
  6 elephants
  2 black mambas
  5 cane toads
  An unseen horror (D:13)
  5 komodo dragons
  A tengu conjurer (D:15)
  A troll (D:12)
  A polar bear (Lair:6)
  4 slime creatures
  4 raiju (Abyss:2)
  6 blink frogs
  Sigmund (D:3)
  2 wraiths (D:13)
  A wyvern (D:8)
  13 yaks
  3 humans (D:14)
  A warg (Orc:2)
  Edmund (D:6)
  A naga (Lair:3)
  A large abomination (Abyss:2)
  3 orc warriors
  An ice beast (D:6)
  A black bear (D:6)
  3 wolves
  A centaur (D:9)
  A centaur (shapeshifter) (Abyss:2)
  A kobold brigand (D:8)
  A bullfrog (Lair:4)
  5 wights
  A jelly (D:6)
  A hound (D:5)
  4 orc priests
  A gnoll shaman (D:10)
  An adder (D:6)
  11 gnolls
  3 river rats
  A worm (D:5)
  12 orcs
  An endoplasm (D:3)
  12 kobolds
  A quokka (D:4)
  A ball python (D:2)
  A frilled lizard (D:3)
  A goblin (D:8)
  A rat (Lair:2)
  A starspawn tentacle (Abyss:2)
154 creatures vanquished.

Vanquished Creatures (others)
  Asterion (Elf:3)
  An angel (D:4)
  2 ugly thing zombies (D:14)
  A spectral great orb of eyes (Abyss:2)
  A spectral elf (Elf:3)
  A catoblepas zombie (Lair:6)
  A death yak zombie (Lair:5)
  A spectral cyclops (D:13)
  A demonic crawler zombie (Abyss:2)
  2 hydra zombies (Lair:6)
  A blink frog (Lair:4)
  A culicivora zombie (Abyss:2)
  A tarantella zombie (D:15)
  A black mamba zombie (Lair:6)
  A spectral orange demon (Abyss:3)
  A tengu zombie (D:15)
  A deep troll zombie (D:15)
  3 cane toad zombies
  A hornet zombie (D:8)
  3 elephant zombies (Lair:6)
  A manticore zombie (D:14)
  3 blink frog zombies
  29 elf zombies
  A spectral chaos spawn (Abyss:2)
  A komodo dragon zombie (Lair:6)
  A yaktaur zombie (D:15)
  5 water moccasin zombies
  3 wyvern zombies (D:8)
  4 cyclops zombies
  A raiju zombie (Abyss:2)
  2 warg zombies
  A polar bear zombie (Lair:6)
  10 yak zombies
  A spectral ice beast (D:7)
  12 wolf zombies
  3 centaur zombies
  2 bullfrog zombies
  2 spectral boggarts (D:15)
  2 killer bee zombies (D:9)
  2 acid dragon zombies (Gauntlet)
  2 ogre zombies
  A spectral jelly (D:3)
  3 hound zombies (D:10)
  2 howler monkey zombies (D:10)
  15 human zombies
  A steam dragon zombie (Lair:4)
  A felid zombie (D:4)
  4 gnoll zombies (D:10)
  An adder zombie (D:3)
  A bat zombie (D:2)
  A ball python zombie (D:3)
  2 frilled lizard zombies (D:3)
  A giant cockroach zombie (D:3)
  4 goblin zombies
  9 kobold zombies
  66 orc zombies
  A river rat zombie (Lair:2)
  2 spectral endoplasms (D:3)
  A bush (Lair:5)
  3 demonic plants (Abyss:3)
  41 fungi
  74 plants
  15 starspawn tentacles
  26 withered plants (Lair:6)
389 creatures vanquished.

Grand Total: 1342 creatures vanquished

Notes
Turn   | Place    | Note
-------+----------+-------------------------------------------
     0 | D:1      | Anon1729 the Minotaur Monk began the quest for the Orb.
     0 | D:1      | Reached XP level 1. HP: 19/19 MP: 0/0
  1173 | D:1      | Reached XP level 2. HP: 27/27 MP: 1/1
  1197 | D:2      | Noticed Robin
  1230 | D:2      | Killed Robin
  1231 | D:2      | Reached skill level 1 in Armour
  1231 | D:2      | Reached XP level 3. HP: 22/33 MP: 2/2
  1575 | D:2      | Found a faded altar of an unknown god.
  1591 | D:2      | Prayed at the altar of an unknown god.
  1591 | D:2      | Became a worshipper of Yredelemnul the Dark
  1591 | D:2      | Reached * piety under Yredelemnul
  1591 | D:2      | Reached ** piety under Yredelemnul
  1708 | D:2      | Reached XP level 4. HP: 41/41 MP: 3/3
  1914 | D:2      | Reached *** piety under Yredelemnul
  2356 | D:3      | Reached XP level 5. HP: 44/47 MP: 4/4
  2502 | D:3      | Noticed Sigmund
  2535 | D:3      | Killed Sigmund
  2536 | D:3      | Reached skill level 5 in Fighting
  2536 | D:3      | Reached skill level 2 in Invocations
  2536 | D:3      | Reached XP level 6. HP: 56/56 MP: 4/6
  3004 | D:4      | Killed an angel
  3268 | D:4      | Found Jiotriub's Antique Weapon Shoppe.
  3308 | D:4      | Found a shimmering altar of Xom.
  3309 | D:4      | Found a glowing silver altar of Zin.
  3368 | D:4      | Noticed Natasha
  3372 | D:4      | Killed Natasha
  3383 | D:4      | Your ally Natasha died
  3462 | D:4      | Reached skill level 5 in Polearms
  3462 | D:4      | Reached skill level 3 in Invocations
  3462 | D:4      | Reached XP level 7. HP: 61/61 MP: 8/8
  3655 | D:4      | Found a staircase to the Ecumenical Temple.
  3882 | D:5      | Entered Level 5 of the Dungeon
  3970 | D:5      | Identified the +2 spear of Subjectivity {flame, rPois rC+
                  | Str-5 Dex+6}
  4073 | D:5      | Found a glowing drain.
  4296 | Sewer    | Entered a sewer
  4384 | Sewer    | Reached skill level 4 in Invocations
  4734 | D:5      | Reached XP level 8. HP: 68/70 MP: 10/10
  5019 | D:5      | Found Olimiat's Book Emporium.
  5043 | D:5      | Reached skill level 5 in Armour
  5043 | D:5      | Reached skill level 5 in Invocations
  5106 | D:5      | Found a runed translucent gate.
  5106 | D:5      | Found a runed translucent gate.
  5106 | D:5      | Found a runed translucent gate.
  5107 | D:5      | Noticed night's ghost (amateur DsWn)
  5216 | D:5      | Found a shadowy altar of Dithmenos.
  5559 | D:6      | Noticed Edmund
  5574 | D:6      | Killed Edmund
  5710 | D:6      | Your ally Edmund died
  5711 | D:6      | Noticed Menkaure
  6092 | D:6      | Killed Menkaure
  6093 | D:6      | Reached skill level 6 in Invocations
  6293 | D:6      | Noticed a troll
  6305 | D:6      | Killed a troll
  6306 | D:6      | Reached XP level 9. HP: 79/79 MP: 12/12
  6526 | D:6      | Identified the +10 whip of Okawaru's Benevolence {drain,
                  | rElec Int+6 SInv Stlth-}
  6776 | D:7      | Reached skill level 5 in Stealth
  6791 | D:7      | Found a transporter.
  6791 | D:7      | Noticed Zgarb's ghost (novice TeHu)
  6792 | D:7      | Found a transporter.
  6827 | D:7      | Found a broken altar of Ashenzari.
  7237 | D:7      | Reached skill level 7 in Invocations
  8160 | D:8      | Found a stormy altar of Qazlal.
  8402 | D:8      | Reached XP level 10. HP: 87/88 MP: 14/14
  8424 | D:8      | Reached skill level 8 in Invocations
  8841 | D:8      | Noticed a two-headed ogre
  8872 | D:8      | Found a staircase to the Lair.
  9335 | D:8      | Found a sacrificial altar of Ru.
  9921 | D:8      | Killed a two-headed ogre
  9922 | D:8      | Reached skill level 9 in Invocations
 10499 | D:9      | Noticed Joseph
 10788 | D:9      | Killed Joseph
 10908 | D:9      | Noticed a two-headed ogre
 10922 | D:9      | Your ally Joseph died
 11220 | D:9      | Reached XP level 11. HP: 37/97 MP: 17/17
 11528 | D:9      | Noticed a boulder beetle
 11546 | D:9      | Killed a boulder beetle
 11565 | D:9      | Found a blossoming altar of Fedhas.
 11735 | D:9      | Killed a two-headed ogre
 11858 | D:9      | Found a staircase to the Orcish Mines.
 12147 | D:9      | Reached **** piety under Yredelemnul
 12320 | D:10     | Entered Level 10 of the Dungeon
 12320 | D:10     | Found a transporter.
 12322 | D:10     | Noticed a skeletal warrior
 12352 | D:10     | Noticed a flayed ghost
 12358 | D:10     | Reached skill level 10 in Invocations
 12745 | D:10     | Found an iron altar of Okawaru.
 13247 | D:10     | Found a white marble altar of Elyvilon.
 13256 | D:10     | Found Qaukkuk's Distillery.
 13712 | D:10     | Found a transporter.
 13713 | D:10     | Found an ancient bone altar of Kikubaaqudgha.
 13713 | D:10     | Identified the +1 battleaxe of the Well-Known Seas {flame,
                  | rPois}
 13717 | D:10     | Found a basalt altar of Yredelemnul.
 13864 | D:10     | Reached ***** piety under Yredelemnul
 13983 | D:11     | Noticed a deep elf pyromancer
 14005 | D:11     | Killed a deep elf pyromancer
 14006 | D:11     | Reached skill level 10 in Fighting
 14849 | D:11     | Reached skill level 10 in Polearms
 15092 | D:12     | Noticed Nergalle
 15125 | D:12     | Killed Nergalle
 15561 | D:12     | Reached skill level 11 in Invocations
 15828 | D:12     | Reached XP level 12. HP: 92/107 MP: 19/19
 16470 | D:12     | Reached ****** piety under Yredelemnul
 16470 | D:12     | Reached skill level 10 in Armour
 16979 | D:12     | Got Sif Muna's Disquisition on the Rocks
 17346 | D:13     | Noticed Josephine
 17357 | D:13     | Killed Josephine
 17370 | D:13     | Noticed Frances
 17370 | D:13     | Noticed a centaur warrior
 17377 | D:13     | Your ally Josephine died
 17634 | D:13     | Noticed a boulder beetle
 17650 | D:13     | Killed a boulder beetle
 17700 | D:13     | Killed a centaur warrior
 17701 | D:13     | Reached skill level 12 in Invocations
 18164 | D:14     | Noticed a centaur warrior
 18539 | D:13     | Killed Frances
 18768 | D:14     | Noticed a two-headed ogre
 18780 | D:13     | Killed a two-headed ogre
 18994 | D:14     | Noticed a catoblepas
 19013 | D:14     | Killed a catoblepas
 19535 | D:14     | Reached XP level 13. HP: 109/117 MP: 21/21
 19631 | D:14     | Found a gate to the Vaults.
 19671 | D:14     | Reached skill level 13 in Invocations
 21664 | Lair:1   | Entered Level 1 of the Lair of Beasts
 22282 | Lair:1   | Noticed Fannar
 22412 | Lair:1   | Killed Fannar
 22643 | Lair:1   | Identified the +6 spear "Qablyrem" {freeze, Dex+5}
 24571 | Lair:3   | Found a gate leading to a gauntlet.
 24635 | Gauntlet | Entered a Gauntlet
 24635 | Gauntlet | Found a transporter.
 24635 | Gauntlet | Found a transporter.
 24640 | Gauntlet | Found a transporter.
 24655 | Gauntlet | Found a transporter.
 24669 | Gauntlet | Found a transporter.
 24682 | Gauntlet | Found a transporter.
 24684 | Gauntlet | Found a large runed translucent door.
 24684 | Gauntlet | Found a large runed translucent door.
 24685 | Gauntlet | Found a large runed translucent door.
 24685 | Gauntlet | Found a large runed translucent door.
 24686 | Gauntlet | Found a large runed translucent door.
 24686 | Gauntlet | Found a large runed translucent door.
 24686 | Gauntlet | Found a runed translucent door.
 24686 | Gauntlet | Found a runed translucent door.
 24686 | Gauntlet | Found a large runed translucent door.
 24687 | Gauntlet | Found a large runed translucent door.
 24694 | Gauntlet | Found a large runed translucent door.
 24694 | Gauntlet | Found a large runed translucent door.
 24695 | Gauntlet | Found a large runed translucent door.
 24695 | Gauntlet | Found a large runed translucent door.
 24696 | Gauntlet | Found a large runed translucent door.
 24696 | Gauntlet | Found a large runed translucent door.
 24697 | Gauntlet | Found a runed translucent gate.
 24697 | Gauntlet | Found a runed translucent gate.
 24697 | Gauntlet | Found a runed translucent gate.
 24699 | Gauntlet | Found a transporter.
 24699 | Gauntlet | Noticed an entropy weaver
 24765 | Gauntlet | Found a transporter.
 24780 | Gauntlet | Found a transporter.
 24794 | Gauntlet | Found a transporter.
 24807 | Gauntlet | Found a transporter.
 24824 | Gauntlet | Found a transporter.
 24824 | Gauntlet | Found the ring of the Tortoise {AC+8}
 24891 | Gauntlet | Found a transporter.
 24903 | Gauntlet | Found a transporter.
 24907 | Gauntlet | Found a large runed translucent door.
 24908 | Gauntlet | Found a large runed translucent door.
 24910 | Gauntlet | Found a transporter.
 24947 | Gauntlet | Found a transporter.
 25156 | Gauntlet | Identified the +9 trident "Goblinslayer" {elec, *Corrode
                  | rF+ rC+}
 25156 | Gauntlet | Identified the +0 kite shield of Zin's Supremacy {rF- Str+8
                  | Int-4 Dex+8}
 25156 | Gauntlet | Noticed a minotaur
 25176 | Gauntlet | Killed a minotaur
 25177 | Gauntlet | Reached skill level 14 in Invocations
 25177 | Gauntlet | Reached XP level 14. HP: 69/127 MP: 23/23
 25203 | Gauntlet | Gained mutation: Your system is resistant to poisons.
                  | (rPois) [potion of mutation]
 25203 | Gauntlet | Gained mutation: You are clumsy. (Dex -2) [potion of
                  | mutation]
 25203 | Gauntlet | Gained mutation: You have supernaturally acute eyesight.
                  | (SInv) [potion of mutation]
 25387 | Gauntlet | Identified the +1 ring mail of Buprayma {rElec rF+ Int+3}
 25390 | Gauntlet | Got the Incunabulum of Feathery Calling
 25537 | Lair:3   | Reached skill level 1 in Shields
 25583 | Lair:3   | Found a staircase to the Snake Pit.
 26255 | Lair:4   | Noticed Snorg
 26269 | Lair:4   | Killed Snorg
 26270 | Lair:4   | Reached skill level 5 in Dodging
 26427 | Lair:4   | Found a staircase to the Shoals.
 26557 | Lair:4   | Found a glowing golden altar of the Shining One.
 27071 | Lair:5   | Found a basalt altar of Yredelemnul.
 27253 | Lair:5   | Found a dark tunnel.
 27263 | Volcano  | Entered a volcano
 27431 | Volcano  | Reached skill level 10 in Stealth
 27437 | Volcano  | Reached skill level 5 in Shields
 28394 | Lair:6   | Entered Level 6 of the Lair of Beasts
 28433 | Lair:6   | Found a viscous altar of Jiyva.
 28435 | Lair:6   | Found a staircase to the Slime Pits.
 28597 | Lair:6   | Reached XP level 15. HP: 88/136 MP: 25/25
 28876 | Lair:6   | Reached skill level 15 in Invocations
 30366 | Orc:1    | Entered Level 1 of the Orcish Mines
 30475 | Orc:1    | Found Lyon's CLEARANCE SALE!.
 30505 | Orc:1    | Noticed Gastronok
 30975 | Orc:1    | Bought a scroll of teleportation for 21 gold pieces
 30975 | Orc:1    | Bought a scroll of fog for 14 gold pieces
 31000 | Orc:1    | Killed Gastronok
 31302 | Orc:2    | Entered Level 2 of the Orcish Mines
 31302 | Orc:2    | Found a staircase to the Elven Halls.
 31345 | Orc:2    | Noticed an orc warlord
 31374 | Orc:2    | Killed an orc warlord
 33174 | Orc:2    | Found Qoamapt's Antique Armour Shoppe.
 33175 | Orc:2    | Found Fyuta's Magic Scroll Shoppe.
 33175 | Orc:2    | Found Mopay's Distillery.
 33176 | Orc:2    | Found Qasat's General Store.
 33191 | Orc:2    | Bought a potion of curing for 45 gold pieces
 33191 | Orc:2    | Bought a potion of curing for 45 gold pieces
 33191 | Orc:2    | Bought a potion of flight for 45 gold pieces
 33191 | Orc:2    | Bought a potion of haste for 150 gold pieces
 33191 | Orc:2    | Bought a potion of curing for 45 gold pieces
 33191 | Orc:2    | Bought a potion of brilliance for 60 gold pieces
 33191 | Orc:2    | Bought a potion of curing for 45 gold pieces
 33191 | Orc:2    | Bought a potion of heal wounds for 75 gold pieces
 33194 | Orc:2    | Bought 3 scrolls of silence for 360 gold pieces
 33194 | Orc:2    | Bought a scroll of enchant weapon for 120 gold pieces
 33194 | Orc:2    | Bought a scroll of blinking for 120 gold pieces
 33194 | Orc:2    | Bought a scroll of fear for 56 gold pieces
 33194 | Orc:2    | Bought a scroll of teleportation for 48 gold pieces
 33454 | Orc:2    | Found Vaop's Armour Boutique.
 33668 | D:15     | Entered Level 15 of the Dungeon
 33669 | D:15     | Found Giuzu's Magic Scroll Boutique.
 33926 | D:15     | Found a staircase to the Depths.
 34011 | D:15     | Found a flickering gateway to a bazaar.
 34021 | Bazaar   | Entered a bazaar
 34021 | Bazaar   | Found Caistre's Magic Scroll Boutique.
 34152 | Bazaar   | Found Waojogg's General Store.
 34161 | Bazaar   | Found Paijo's Jewellery Emporium.
 34178 | Bazaar   | Found Eweital's Armour Shop.
 34199 | Bazaar   | Bought an orb of mayhem for 117 gold pieces
 34219 | Bazaar   | Bought the ring of Eternity {rElec EV+4 Stlth+} for 633
                  | gold pieces
 34233 | Bazaar   | Bought a scroll of fear for 42 gold pieces
 35246 | Depths:1 | Entered Level 1 of the Depths
 35320 | Depths:1 | Noticed a frost giant
 35355 | Depths:1 | Noticed the Enchantress
 35501 | Elf:1    | Entered Level 1 of the Elven Halls
 35609 | Elf:1    | Noticed a deep elf sorcerer
 35611 | Elf:1    | Cast into level 2 of the Abyss (a deep elf sorcerer)
 35823 | Abyss:2  | Noticed a bone dragon
 35927 | Abyss:2  | Learned a level 2 spell: Blink
 36036 | Abyss:2  | Noticed a tentacled starspawn
 36053 | Abyss:2  | Noticed a lich
 36069 | Abyss:2  | Killed a lich
 36079 | Abyss:2  | Noticed a tentacled starspawn
 36084 | Abyss:2  | Killed a tentacled starspawn
 36242 | Abyss:2  | Noticed a bone dragon
 36365 | Abyss:2  | Noticed a tentacled starspawn
 36387 | Abyss:2  | Killed a tentacled starspawn
 36443 | Abyss:2  | Noticed an ancient lich
 36466 | Abyss:2  | Noticed a tentacled starspawn
 36499 | Elf:1    | Escaped the Abyss
 36508 | Elf:1    | Killed a deep elf sorcerer
 36509 | Elf:1    | Reached XP level 16. HP: 93/128 MP: 26/26
 36560 | Elf:1    | Identified the +1 robe "Ytwiklesm" {rC+ rN+ Str-4 Dex+8}
 36620 | Elf:1    | Paralysed by an air elemental for 1 turns
 36624 | Elf:1    | Paralysed by an air elemental for 1 turns
 36712 | Elf:1    | Identified Roxanne's Catalogue of the Mountains
 36712 | Elf:1    | Noticed Roxanne
 37057 | Elf:1    | Paralysed by an air elemental for 1 turns
 37065 | Elf:1    | Paralysed by an air elemental for 1 turns
 37658 | Elf:1    | Reached skill level 16 in Invocations
 37703 | Elf:1    | Reached skill level 10 in Shields
 38023 | Elf:1    | Killed Roxanne
 38506 | Elf:1    | Got the Papyrus of Creative Attacks
 39858 | Elf:2    | Found a runed translucent gate.
 39859 | Elf:2    | Found a runed translucent gate.
 39859 | Elf:2    | Found a runed translucent gate.
 41035 | Elf:2    | Reached skill level 15 in Fighting
 41480 | Elf:2    | Reached XP level 17. HP: 138/156 MP: 28/28
 42035 | Elf:3    | Entered Level 3 of the Elven Halls
 42065 | Elf:3    | Noticed Asterion
 42189 | Elf:3    | Paralysed by an air elemental for 1 turns
 42193 | Elf:3    | Paralysed by an air elemental for 1 turns
 42198 | Elf:3    | Reached skill level 15 in Polearms
 42205 | Elf:3    | Noticed Zenata
 42210 | Elf:3    | Reached skill level 17 in Invocations
 42219 | Elf:3    | Cast into level 3 of the Abyss (a deep elf sorcerer)
 42470 | Abyss:3  | Found a corrupted altar of Lugonu.
 42482 | Abyss:3  | Noticed a bone dragon
 42525 | Abyss:3  | Killed a bone dragon
 42631 | Abyss:3  | Found a blossoming altar of Fedhas.
 42658 | Abyss:3  | Noticed a bone dragon
 42734 | Abyss:3  | Found a shimmering blue altar of Sif Muna.
 42923 | Elf:3    | Escaped the Abyss
 43597 | Elf:3    | Noticed anonymous's ghost (adept DEIE)
 44435 | Elf:3    | Killed Asterion
 44521 | Elf:3    | Found Jautyxas's Distillery.
 44538 | Elf:3    | Identified the +9 war axe of the Scavenger {freeze, rPois
                  | rN+ MP+9 SInv}
 44556 | Elf:3    | Found a transporter.
 44558 | Elf:3    | Found a transporter.
 44812 | Elf:3    | Identified the +11 trident "Cakliz" {holy, rPois Int+3}
 45394 | Elf:3    | Noticed a deep elf master archer
 45419 | Elf:3    | Identified the +9 quarterstaff of Wyrd {flame, +Blink rF-
                  | Will++ Int+4}
 45466 | Elf:3    | Noticed a deep elf master archer
 45494 | Elf:3    | Reached skill level 15 in Armour
 46888 | Elf:2    | HP: 2/155 [+2 vorpal glaive[Zenata] (6)]
 46888 | Elf:2    | Slain by a +2 vorpal glaive

Illustrated notes

Levels and vault maps discovered:
D:1:      lightli_arrival_windingriver, layout_basic
D:2:      layout_loops_cross, dreamdust_ecumenical_altar_drowned_temple,
          amcnicky_mini_pool_small, uniq_robin
D:3:      layout_basic, uniq_sigmund
D:4:      layout_cave_pods, grunt_temple_overflow_order_and_chaos_1,
          minmay_temple_entry_junction_2, serial_shops, shop,
          grunt_decor_resistance, uniq_natasha
D:5:      layout_rooms, mainiacjoe_overflow_alcove_4, gup_sewer_entry_glass,
          serial_shops, shop_fountains, gammafunk_ghost_nasty_kobolds
D:6:      layout_cave_pools, kennysheep_generic_room_5, uniq_menkaure,
          uniq_edmund
D:7:      layout_loops_ring, ashenzari_conservatory_becter, gammafunk_ghost_hive
D:8:      cheibrodos_quashed, layout_basic, nicolae_ru_the_path_less_chosen,
          grunt_qazlal_clouds, minmay_lair_entry_grove, enter_bailey_5,
          minmay_strange_pillars
D:9:      hellmonk_ruined_rings, layout_cave_pods, mainiacjoe_overflow_24_doors,
          orc_0_dummy, uniq_joseph
D:10:     layout_cave_pools, old_standard_altar, old_standard_altar,
          gammafunk_temple_of_torment, serial_shops, nicolae_shop_statue_plus,
          serial_gnoll_camp, gnoll_camp_medium_01, gnoll_camp_mini_loothouse,
          gnoll_camp_mini_basic, gnoll_camp_mini_sergeant
D:11:     layout_loops_cross, corexii_checkpoint_a, kennysheep_nondescript,
          minmay_holes
D:12:     layout_irregular_city, lightli_wizard_tower, uniq_nergalle
D:13:     layout_rooms, uniq_josephine, uniq_frances
D:14:     layout_rooms, grunt_vaults_entry_tiered, serial_curves,
          eino_curves_02, eino_curves_02, minmay_door_square
D:15:     hangedman_depths_entry_civil_slaughter, layout_cave_pods,
          serial_shops, bzr_entry_islet, shop, serial_co_window_serial,
          co_window_corner_a, co_window_paths_a, co_window_of_opportunity_a,
          co_window_paths_a, co_window_corner_a, co_window_unsneaky_path_b,
          co_window_corner_b, co_window_paths_c, co_window_corner_b,
          co_window_paths_d, glass_columns_a
Lair:1:   layout_layer_cave, serial_bayou_shore_b, grunt_megastairs_3,
          uniq_fannar
Lair:2:   layout_concentric_octagons, kennysheep_abandoned_house
Lair:3:   layout_big_grid, guppyfry_snake_entry_island, gauntlet_entry_generic,
          st_stairs_13, nicolae_lair_lil_pond, pond, lemuel_fruit_fields
Lair:4:   layout_concentric_octagons, shoals_dummy_entry, basic_altar,
          grunt_megastairs_2, uniq_snorg
Lair:5:   layout_gridlike, lightli_volcano_entry_magma_tube,
          lemuel_altar_in_water2
Lair:6:   due_jungle_book, layout_regular_city, slime_altar_1
Orc:1:    layout_caves, nicolae_shop_clearance, uniq_gastronok
Orc:2:    st_orc_pillars, layout_caves, serial_shops, shop_fountains
Elf:1:    layout_loops_corners, minmay_elf_sorcery, uniq_roxanne
Elf:2:    nicolae_elf_blades_splatter_lattice [nicolae_blade_tridents],
          layout_loops_cross
Elf:3:    minmay_elf_hall_statues, layout_gridlike, gammafunk_ghost_arena,
          serial_shops, shop, uniq_zenata, uniq_asterion
Depths:1: layout_gridville, mu_enter_wizlab_2, pf_hell_entry_tar_spiral,
          hangedman_glass_teeth, hangedman_abyss_or_decor_lesser_grid,
          grunt_tough_drop, uniq_enchantress

Skill      XL: |  1  2  3  4  5  6  7  8  9 10 11 12 13 14 15 16 17 |
---------------+----------------------------------------------------+-----
Stealth        | 2 3 4 5 6 7 8 9 10 11 | 11.9
Polearms       | 4 5 6 7 9 10 11 12 13 14 15 | 15.4
Fighting       | 4 5 6 7 8 9 10 11 12 13 14 15 | 15.5
Armour         | 1 2 3 4 5 7 8 9 11 12 13 14 15 | 15.0
Invocations    | 2 3 4 6 7 9 11 12 14 15 16 17 | 17.4
Dodging        | 4 6 7 9 |  9.8
Shields        | 6 9 10 | 10.0

Action                   |  1- 3 |  4- 6 |  7- 9 | 10-12 | 13-15 | 16-18 || total
-------------------------+-------+-------+-------+-------+-------+-------++-------
Melee: Spear             |    88 |   115 |   398 |   923 |   502 |       ||  2026
       Headbutt          |     9 |    16 |    82 |   188 |   366 |   168 ||   829
       Punch             |     1 |     1 |     6 |     7 |     3 |       ||    18
       Dagger            |       |       |     5 |    13 |       |       ||    18
       Trident           |       |       |       |       |  1035 |   795 ||  1830
Throw: Throwing net      |       |       |       |     8 |       |       ||     8
Invok: Recall Undead Har |       |     1 |     4 |     9 |     4 |    22 ||    40
       Bind Soul         |       |       |       |     1 |       |     2 ||     3
       Drain Life        |       |       |       |       |     1 |       ||     1
Evoke: Wand              |       |       |     6 |     3 |     7 |     3 ||    19
       Lightning rod     |       |       |       |     4 |     4 |       ||     8
       Piece from Xom's  |       |       |       |     4 |     2 |       ||     6
       Phantom mirror    |       |       |       |       |     1 |       ||     1
       Tin of tremorston |       |       |       |       |       |     2 ||     2
  Use: Potion            |       |     2 |     5 |     4 |     9 |     5 ||    25
       Scroll            |       |       |     8 |    10 |    13 |     9 ||    40
 Stab: Sleeping          |     4 |    10 |     8 |     8 |    14 |     7 ||    51
       Distracted        |     1 |     1 |     2 |    11 |    21 |    11 ||    47
       Paralysed         |       |       |    14 |       |     3 |       ||    17
       Held in net/web   |       |       |       |     2 |       |       ||     2
       Petrified         |       |       |       |       |     1 |       ||     1
Armor: Leather armour    |    18 |    27 |   107 |    13 |     4 |       ||   169
       Fire dragon scale |       |       |       |   281 |   407 |   228 ||   916
       Skin              |       |       |       |     8 |       |       ||     8
Dodge: Dodged            |    30 |    26 |   182 |   319 |   424 |   323 ||  1304
Block: Other             |       |       |       |       |     1 |       ||     1
       Kite shield       |       |       |       |       |   372 |   407 ||   779

Table legend: (Time is in decaauts)
 A = Elapsed time spent in this place.
 B = Non-inter-level travel time spent in this place.
 C = Inter-level travel time spent in this place.
 D = Time resting spent in this place.
 E = Time spent auto-exploring this place.
 F = Levels seen in this place.
 G = Mean time per level.
                   A        B        C        D        E       F      G
               +--------+--------+--------+--------+--------+-----+--------+
         Total |  45728 |  43784 |   1944 |  11077 |  23696 |  33 | 1385.7 |
       Dungeon |  23205 |  22163 |   1042 |   4689 |  14008 |  15 | 1547.0 |
          Lair |   6799 |   6505 |    294 |    252 |   4948 |   6 | 1133.2 |
  Orcish Mines |   2769 |   2725 |     44 |    560 |   1538 |   2 | 1384.5 |
   Elven Halls |   9587 |   9024 |    563 |   4987 |   1850 |   3 | 3195.7 |
        Depths |    114 |    114 |      0 |      0 |      0 |   1 |  114.0 |
         Abyss |   1520 |   1520 |      0 |    413 |    407 |   2 |  760.0 |
        Bazaar |    275 |    275 |      0 |      0 |    190 |   1 |  275.0 |
         Sewer |    286 |    286 |      0 |      0 |    243 |   1 |  286.0 |
       Volcano |    414 |    414 |      0 |    175 |     49 |   1 |  414.0 |
      Gauntlet |    756 |    756 |      0 |      0 |    461 |   1 |  756.0 |
               +--------+--------+--------+--------+--------+-----+--------+

Top non-repeatable levels by time:
   Elf:1: 3861 daAuts
   Elf:2: 3663 daAuts
     D:8: 2919 daAuts
    D:14: 2431 daAuts
    D:12: 2413 daAuts
   Elf:3: 2062 daAuts
   Orc:2: 1916 daAuts
     D:9: 1912 daAuts
  Lair:6: 1776 daAuts
    D:10: 1611 daAuts
     D:7: 1553 daAuts
    D:13: 1473 daAuts
     D:6: 1400 daAuts
  Lair:1: 1386 daAuts
    D:15: 1319 daAuts
